[Event "8th Montevideo Open 2025"]
[Site "Montevideo"]
[Date "2025.02.05"]
[Round "5.1"]
[White "Villca, Julian"]
[Black "Coro, Lucas"]
[Result "1/2-1/2"]
[Annotator "TA"]
[ECO "A37"]
[WhiteElo "2413"]
[BlackElo "2415"]
[PlyCount "46"]
[EventDate "2025.02.01"]
[EventType "swiss"]
[EventCountry "URU"]
[SourceTitle "playchess.com"]
[Source "ChessBase"]
[SourceQuality "1"]
[TimeControl "5400+30"]

1. c4 g6 2. Nf3 Bg7 3. Nc3 c5 4. g3 Nc6 5. Bg2 d6 6. O-O Bf5 7. h3 Nf6 8. d3 O-O 9. a3 Rb8 10. Rb1 a6 11. b4 cxb4 12. axb4 b5 13. cxb5 axb5 14. Be3 Qd7 15. g4 Be6 16. Ng5 Rfc8 ({Reject} 16... Nxg4 $6 17. hxg4 Bxc3 18. Rc1 $18) 17. Nxe6 Qxe6 18. Qd2 Qd7 19. Rfc1 e6 20. g5 Ne8 21. Ne4 Nd4 {[%emt 0:02:24] [#] Strongly threatening ...Rxc1+.} 22. Bxd4 Bxd4 23. e3 Bg7 {[%emt 0:01:34] An uneventful encounter.   Weighted Error Value: White=0.05 (flawless) /Black=0.05 (flawless) .  Inaccurate:     	---       	Black=1      OK:         	White=8     	Black=6      Best:        	---       	Black=1} 1/2-1/2

[Event "8th Montevideo Open 2025"]
[Site "Montevideo"]
[Date "2025.02.05"]
[Round "5.2"]
[White "Shoker, Samy"]
[Black "Coppola, Claudio"]
[Result "0-1"]
[Annotator "TA"]
[ECO "A05"]
[WhiteElo "2446"]
[BlackElo "2220"]
[PlyCount "90"]
[EventDate "2025.02.01"]
[EventType "swiss"]
[EventCountry "URU"]
[SourceTitle "playchess.com"]
[Source "ChessBase"]
[SourceQuality "1"]
[TimeControl "5400+30"]

1. Nf3 Nf6 2. g3 b5 3. Bg2 Bb7 4. Na3 a6 5. c4 e6 6. b3 c6 7. O-O Be7 8. Bb2 {[%emt 0:05:01][%cal Oe2e4] White is slightly better.} O-O 9. d4 d5 10. e3 Nbd7 11. Nc2 (11. c5 $11) 11... Ne4 (11... dxc4 $15 12. bxc4 bxc4) 12. a4 (12. c5 $14) 12... bxc4 $15 13. bxc4 a5 14. Ne5 Nxe5 15. dxe5 Ba6 16. Nd4 {[%emt 0:02:36] Counterplay Black} Qb6 17. Qc2 Nc5 (17... Bxc4 $2 18. Bxe4 dxe4 19. Qxc4 $18) 18. Ba3 Rac8 (18... dxc4 $2 19. Nxc6 Qc7 20. Nxe7+ Qxe7 21. Bxa8 Rxa8 22. Rfd1 $18) (18... Bxc4 $11 {remains equal.} 19. Rfb1 Qa6) 19. Rfb1 Qc7 {[%emt 0:08:32] [#]} 20. cxd5 ({Better is} 20. Bf1 $1 $16) 20... cxd5 $11 21. Qd1 Qxe5 22. Rb6 {[%emt 0:00:12] Threatens to win with Bxc5.} Bc4 23. Nc6 Qd6 24. Nxe7+ Qxe7 25. Rab1 Qd7 (25... Qc7 $17) 26. Qd4 Rfe8 27. e4 $2 (27. Bxc5 $14 e5 28. Qc3 Rxc5 29. Rb8) 27... Nxa4 (27... e5 $17 28. Qd2 d4 (28... Nxe4 29. Bxe4 Qxa4 30. Bf5 $11) (28... Nxa4 29. Rb7 $14) (28... Qxa4 29. Bxc5 Rxc5 30. exd5 $11) (28... dxe4 29. Qxd7 Nxd7 30. Rb7 $17) 29. Qxa5 Qxa4 (29... Nxa4 $2 {is the wrong capture.} 30. Rd6 $18)) 28. Rd6 Qc7 29. h4 $2 {[%emt 0:02:37][%mdl 8192] [#] White does not recover from this.} (29. exd5 $17 exd5 30. Rc1) 29... e5 $1 $19 30. Qd2 d4 31. f4 (31. Rc1 $142 Nc3 32. Rxc3 dxc3 33. Qxc3) 31... Nc3 32. Rbb6 exf4 33. gxf4 Qe7 {[%emt 0:02:01] Hoping for ...Ne2+.} 34. Qe1 Nb5 {[%emt 0:03:03] Prevents e5.} 35. Rxb5 Bxb5 36. Qxa5 Ra8 37. Qb4 Reb8 38. e5 {[%emt 0:01:16] [#]} Bc6 39. Qc5 (39. Bxc6 Rxb4) 39... Bxg2 40. Kxg2 Qb7+ {[%emt 0:01:00] Black mates.} 41. Kf2 Qb3 42. e6 fxe6 43. Rd7 Qxa3 44. Rxg7+ Kxg7 45. Qe7+ Qxe7 {[%emt 0:00:09] Weighted Error Value: White=0.71/Black=0.35  Loses game:     	White=1     	---        Mistake:       	White=5     	Black=4      Inaccurate:     	White=4     	Black=4      OK:         	White=7     	Black=5      Best:        	---       	Black=2      Strong:       	---       	Black=1} 0-1

[Event "8th Montevideo Open 2025"]
[Site "Montevideo"]
[Date "2025.02.05"]
[Round "5.3"]
[White "Komarov, Leonid"]
[Black "Vazquez, Facundo"]
[Result "0-1"]
[Annotator "TA"]
[ECO "E13"]
[WhiteElo "1956"]
[BlackElo "2404"]
[PlyCount "142"]
[EventDate "2025.02.01"]
[EventType "swiss"]
[EventCountry "URU"]
[SourceTitle "playchess.com"]
[Source "ChessBase"]
[SourceQuality "1"]
[TimeControl "5400+30"]

1. d4 Nf6 2. c4 e6 3. Nf3 b6 4. Nc3 Bb4 5. Bg5 h6 6. Bh4 g5 7. Bg3 Ne4 8. Qc2 f5 9. e3 Bb7 10. Bd3 {[%emt 0:01:07] E13: Queen's Indian/Nimzo-Indian hybrid: 4 Nc3 Bb7 5 Bg5 h6 6 Bh4 Bb4.} Bxc3+ 11. bxc3 Nxg3 12. hxg3 {[%emt 0:00:13] White is slightly better.} Qf6 13. e4 Nc6 $146 (13... O-O 14. exf5 exf5 15. O-O-O Nc6 16. Rde1 Ne7 17. d5 c6 18. Rxe7 Qxe7 19. Rxh6 cxd5 20. Bxf5 {0-1 Ristovic,N (2293)-Bolduc,S (2177) Canada zt Toronto 2006 (7)}) 14. O-O-O ({White should try} 14. exf5 $14 exf5 15. Bxf5) 14... fxe4 $15 15. Bxe4 O-O-O 16. Rhe1 Rhf8 17. Re2 g4 {[%emt 0:03:44] [#]} 18. Ne5 Nxe5 19. Bxb7+ Kxb7 20. dxe5 Qg5+ 21. Kb2 Qf5 22. Rd3 h5 23. Qd2 Qf7 24. Qe3 Qe7 25. Qe4+ Ka6 26. Red2 Qc5 27. f4 gxf3 28. gxf3 Rg8 29. f4 Rg7 30. Qd4 Qc6 31. Kb3 Kb7 32. Qf2 (32. Rh2 $15) 32... Rdg8 $17 33. f5 exf5 (33... Rg5 {with more complications.} 34. f6 Rxe5 35. f7 Rf8) 34. Qxf5 Rg5 (34... Rxg3 35. Rxg3 Rxg3 36. Rxd7) 35. Qxd7 Rxe5 36. Qxc6+ Kxc6 $11 {[%emt 0:00:03][%mdl 4096] Endgame KRR-KRR} 37. Rd5 Rgg5 38. Rxe5 Rxe5 {[%emt 0:00:01] KR-KR} 39. Rh2 (39. Rf2 $11) 39... Rg5 $17 40. Rh4 Kd6 (40... Rxg3 $6 41. Rxh5 Rg6 42. Rh4 $11) 41. Kb4 Ke6 (41... Rxg3 $6 42. Rxh5 Rg6 43. Kb5 $11) 42. c5 a5+ (42... bxc5+ 43. Kb5 $15) (42... Rxg3 $6 43. Rxh5 Kd7 44. Rh7+ Kd8 45. c6 $11) 43. Ka4 {[%emt 0:01:27] This costs White the game.} (43. Kb3 $17) 43... Rxc5 $19 (43... Rxg3 44. cxb6 cxb6 45. Rxh5 $11) 44. g4 $2 (44. Re4+ Kd6 45. Re3) 44... hxg4 ({Not} 44... Rxc3 45. gxh5 Kf7 46. Rg4 $17) 45. Rxg4 Rxc3 46. Rd4 $2 (46. Rh4) 46... c6 47. Rd2 Ke5 48. Rh2 Rc4+ 49. Kb3 b5 50. Rh6 Kd5 51. Rh5+ Kd6 52. Ka3 Kc7 53. Kb3 Kb6 54. Rg5 $2 (54. a3) 54... Rf4 {[%emt 0:00:28] aiming for ...Rf3+.} 55. Rg2 a4+ 56. Ka3 Rf3+ 57. Kb2 b4 58. Rh2 Kb5 (58... a3+ $142 59. Kb1 Rf1+ 60. Kc2 Kb5 61. Rg2 c5 62. Kd3 c4+ 63. Ke2 Ra1 64. Kf3 Ka4 65. Ke3 Rxa2 66. Rxa2 b3 67. Rf2 a2 68. Rf6 b2 (68... a1=B 69. Rf4 $17) (68... a1=N 69. Kd2 $11) (68... a1=Q $2 69. Ra6+ Kb4 70. Rxa1 $19) 69. Rf8 a1=Q (69... b1=N $2 70. Ra8+ Kb3 71. Rb8+ Kc2 72. Ra8 $19) 70. Ra8+ Kb3 71. Rb8+ Kc2 72. Kf3 b1=Q (72... b1=B $2 73. Rg8 $19) 73. Rxb1 Kxb1 74. Kg3 Qe5+ 75. Kf3 c3 76. Kf2 c2 77. Kf3 c1=Q (77... c1=R {leads to mate.} 78. Kg4 Rc3 79. Kh4 Qg7 80. Kh5 Rh3#) 78. Kg2 Qef4 79. Kh3 Qh1#) 59. Rg2 c5 60. Rh2 a3+ 61. Kc2 Rf1 {[%emt 0:00:20] ( -> ...Ra1)} 62. Rh8 Ra1 63. Rh5 Rxa2+ 64. Kb1 Rg2 {[%emt 0:00:08] Black mates.} 65. Rh1 b3 66. Ka1 Kb4 67. Rf1 c4 68. Rh1 Rc2 69. Rg1 a2 70. Rh1 Ka3 71. Rb1 {[%emt 0:00:18] [#]} Rc1 $1 {[%emt 0:00:26][%mdl 512] Weighted Error Value: White=0.31/Black=0.07 (flawless)   Mistake:       	White=6     	---        Inaccurate:     	White=3     	Black=4      OK:         	White=14    	Black=11     Best:        	White=1     	Black=6} 0-1

[Event "8th Montevideo Open 2025"]
[Site "Montevideo"]
[Date "2025.02.04"]
[Round "5.4"]
[White "Roselli Mailhe, Bernardo"]
[Black "Hoffman, Alejandro"]
[Result "1/2-1/2"]
[Annotator "TA"]
[ECO "D73"]
[WhiteElo "2342"]
[BlackElo "2368"]
[PlyCount "35"]
[EventDate "2025.02.01"]
[EventType "swiss"]
[EventCountry "URU"]
[SourceTitle "playchess.com"]
[Source "ChessBase"]
[SourceQuality "1"]
[TimeControl "5400+30"]

1. d4 Nf6 2. c4 g6 3. Nf3 Bg7 4. g3 c6 5. Bg2 d5 6. cxd5 cxd5 7. Ne5 O-O 8. Nc3 Nc6 9. Nxc6 bxc6 10. O-O {[%emt 0:00:00] D73: Fianchetto Grünfeld: 5 Nf3 .} Re8 11. Bf4 Nh5 {[%emt 0:02:30] An uneventful encounter.} 12. Be3 $146 e5 13. dxe5 Bxe5 14. Bd4 Qf6 15. Bxe5 Qxe5 16. e3 Ba6 17. Re1 Rab8 18. Qd2 {½-½ Figueredo Losada,L (2321)-Arutla,A (2230) San Jose Dual Schev 2024 (3.5)} 1/2-1/2

[Event "8th Montevideo Open 2025"]
[Site "Montevideo"]
[Date "2025.02.05"]
[Round "5.5"]
[White "Villegas, Franco"]
[Black "Meza, Anahi"]
[Result "1-0"]
[Annotator "TA"]
[ECO "B42"]
[WhiteElo "2325"]
[BlackElo "2038"]
[PlyCount "77"]
[EventDate "2025.02.01"]
[EventType "swiss"]
[EventCountry "URU"]
[SourceTitle "playchess.com"]
[Source "ChessBase"]
[SourceQuality "1"]
[TimeControl "5400+30"]

1. e4 c5 2. Nf3 e6 3. d4 cxd4 4. Nxd4 a6 5. Bd3 Bc5 6. Nb3 Be7 7. O-O d6 8. c4 Nf6 9. Nc3 Nbd7 10. Be3 {[%emt 0:00:00] B42: Sicilian: Kan Variation: 5 Bd3.} b6 11. f4 Bb7 12. Qf3 {[%emt 0:00:00] White is slightly better.} O-O 13. Rad1 Qc7 14. Qh3 g6 (14... h5 $11 {remains equal.}) 15. g4 Rfe8 16. g5 Nh5 17. Nd4 Bf8 18. Be2 Ng7 19. f5 {[%emt 0:00:00] White is much more active.} (19. Rd2 {with more complications.} f5 20. Bf3 fxe4 21. Nxe4 Rad8 22. Qg2) 19... exf5 20. exf5 Nxf5 $146 (20... gxf5 21. b3 Ne5 22. Nxf5 Nxf5 23. Qxf5 Bg7 24. Nd5 Bxd5 25. Rxd5 Nxc4 26. Bxc4 Rxe3 {½-½ Bayer,W-Kroll,O (2245) W-ch WS/M/263 email 2010}) 21. Nxf5 gxf5 22. Rxf5 Ne5 23. Nd5 Bxd5 24. cxd5 Nc4 25. Bxc4 Qxc4 26. Bd4 $40 {[%emt 0:00:00][%cal Of5f7][%mdl 128] Prevents Rxe3. White mounts an attack.} Re7 27. b3 (27. Bxb6 Bg7 $15) 27... Qe2 28. Rdf1 b5 29. R5f4 {[%emt 0:00:00] Qf5 is the strong threat.} Rae8 {[%emt 0:07:18][%csl Of7] [#] White attacks a weakness A mistake that costs the game.} ({Black should try} 29... Bg7 $14) 30. Qf5 $1 $18 Bg7 31. Bxg7 Kxg7 {[%emt 0:00:03] [#]} 32. Rh4 {[%emt 0:00:00] Against Qh5. Really sharp!} Rh8 (32... Qe5) 33. Qf6+ {[%emt 0:00:00] White is clearly winning.} Kg8 34. g6 ({Not} 34. Qxd6 Qe3+ 35. Kh1 Qe5 36. Qxe5 (36. Qxa6 Qxd5+ 37. Kg1 Qxg5+ 38. Kh1 Qd5+ 39. Kg1 h5 $11) 36... Rxe5 $16) 34... Qe5 35. gxf7+ Kf8 36. Qh6+ Qg7+ 37. Qxg7+ Kxg7 {[%emt 0:00:02] [#]} 38. f8=Q+ $1 Rxf8 39. Rg4+ {[%emt 0:00:00] Weighted Error Value: White=0.10 (very precise) /Black=0.45  Mistake:       	---       	Black=3      Inaccurate:     	White=5     	Black=3      OK:         	White=7     	Black=8      Best:        	White=1     	Black=2      Strong:       	White=1     	---} 1-0

[Event "8th Montevideo Open 2025"]
[Site "Montevideo"]
[Date "2025.02.05"]
[Round "5.6"]
[White "Manteiga, Franco"]
[Black "Larrea, Manuel"]
[Result "0-1"]
[Annotator "TA"]
[ECO "E97"]
[WhiteElo "2029"]
[BlackElo "2265"]
[PlyCount "79"]
[EventDate "2025.02.01"]
[EventType "swiss"]
[EventCountry "URU"]
[SourceTitle "playchess.com"]
[Source "ChessBase"]
[SourceQuality "1"]
[TimeControl "5400+30"]

1. d4 Nf6 2. c4 g6 3. Nc3 Bg7 4. e4 d6 5. Be2 O-O 6. Nf3 e5 7. O-O Nc6 8. d5 Ne7 9. b4 Nh5 10. Re1 f5 11. Ng5 {[%emt 0:00:06] 11.a4 gains popularity.} Nf6 12. Bf3 c6 13. b5 {[%emt 0:00:41] E97: King's Indian: Classical Main Line (6...e5 7 0-0 Nc6): 8 Be3 and 8 d5 Ne7, not 9 Ne1.} (13. Be3 {is interesting.} h6 14. Ne6 Bxe6 15. dxe6 Nxe4 16. Nxe4 fxe4 17. Bxe4 d5 18. cxd5 cxd5 19. Bc5) 13... cxd5 14. cxd5 fxe4 15. Ngxe4 {[%emt 0:02:19] The position is equal.} Ne8 $146 (15... Nf5 $11) (15... Nxe4 16. Nxe4 Nf5 17. Ba3 h5 18. Be2 Bh6 19. Qd3 Kg7 20. Bb4 Qe7 21. Qa3 Rd8 {1-0 Najer,E (2572)-Shinkevich,V (2440) RUS-Cup Bor 2000 (3)}) 16. a4 Nf5 17. g3 (17. Bg4 $14) 17... a5 (17... Nd4 $11 18. Bg2 Rf7) 18. bxa6 bxa6 19. Rb1 h6 (19... Nd4 $11 20. Bg2 Nf6) 20. Bg2 $16 Ra7 21. Ba3 Raf7 22. Re2 Nd4 23. Reb2 Nf3+ (23... Bf5 24. Rb8 Qc7) 24. Kh1 Ng5 25. Rb8 {[%emt 0:08:37] Hoping for h4.} Qc7 26. Nxg5 hxg5 27. Ne4 Bf5 {[%emt 0:05:45] [#]} 28. Rxe8 Rxe8 $14 29. Rc1 (29. Nxd6 Bxb1 30. Nxe8 (30. Qxb1 $2 Rb8 $19) 30... Qc2 31. Qxc2 Bxc2 32. Nxg7 Kxg7 $17) 29... Qb8 30. Nxd6 Bf8 31. Nxf7 Bxa3 32. d6 $2 Bxc1 $2 ({Black should play} 32... Kxf7 $19 33. Rc7+ Kf6) 33. d7 $11 Kxf7 34. dxe8=Q+ Qxe8 (34... Kxe8 {simplifies} 35. Qxc1 Qb1 36. Qxb1 Bxb1 37. a5 Bd3) 35. Qxc1 Qxa4 {[%emt 0:00:05] KQB-KQB. Black is a pawn up.} 36. Bd5+ (36. Qxg5 $2 {gets mated.} Qd1+) 36... Kf6 {[%emt 0:00:49] and ...Qc2 should not be overlooked} 37. Kg1 $2 {[%emt 0:00:58] [#]} (37. Qc5 $11 {and White has nothing to worry.} Be4+ 38. Bxe4 Qxe4+ 39. Kg1) 37... Qc2 $1 $19 {[%emt 0:00:25] Black is clearly better.} 38. Qa1 Qb1+ 39. Qxb1 Bxb1 40. Bb3 {[%emt 0:00:22] Never resign too early!   Weighted Error Value: White=0.33/Black=0.29 (precise)   Loses game:     	White=2     	---        Missed win:     	---       	Black=1      Mistake:       	White=3     	Black=4      Inaccurate:     	White=1     	---        OK:         	White=11    	Black=11     Best:        	White=2     	Black=2      Strong:       	---       	Black=1} (40. Kf1 $142) 0-1

[Event "8th Montevideo Open 2025"]
[Site "Montevideo"]
[Date "2025.02.05"]
[Round "5.7"]
[White "De Dovitiis, Alejo"]
[Black "Martello, Benjamin"]
[Result "1-0"]
[Annotator "TA"]
[ECO "A06"]
[WhiteElo "2225"]
[BlackElo "1968"]
[PlyCount "77"]
[EventDate "2025.02.01"]
[EventType "swiss"]
[EventCountry "URU"]
[SourceTitle "playchess.com"]
[Source "ChessBase"]
[SourceQuality "1"]
[TimeControl "5400+30"]

1. Nf3 d5 2. b3 Nf6 3. Bb2 e6 4. e3 c5 5. Bb5+ Bd7 6. Qe2 {[%emt 0:00:28] A06: Réti Opening: 1 Nf3 d5.} Be7 7. Ne5 a6 8. Nxd7 $146 {[%emt 0:04:41] The position is equal.} (8. Bd3 Nc6 9. Nxd7 Qxd7 10. f4 d4 11. e4 e5 12. f5 h5 13. a3 h4 14. Qf3 {0-1 Zahid,S (1946)-Mahin,A (1807) Dhaka Chowdhury Memorial op-B 2nd 2022 (5)}) 8... Nbxd7 9. Bxd7+ Nxd7 10. c4 Bf6 11. Nc3 O-O 12. O-O dxc4 13. bxc4 b5 14. Rfb1 b4 15. Nd1 e5 16. e4 Bg5 17. Ne3 Bxe3 18. fxe3 Re8 19. a3 a5 20. axb4 (20. d4 $17) 20... axb4 {[%emt 0:00:07][%csl Ob4] Black has a strong passed pawn} (20... cxb4 $19 21. d4 Nf6) 21. d3 Qc7 22. h3 Nb6 23. Qc2 f6 24. Bc1 Qd7 25. Kf1 Rf8 26. Bb2 Na4 27. Ra2 Rfb8 28. Qb3 $2 (28. Ba1 {was called for.}) 28... Nc3 $1 $19 29. Bxc3 Qxd3+ 30. Kf2 Rxa2+ (30... bxc3 31. Qxb8+ Rxb8 32. Rxb8+ Kf7 33. Ra7+ Kg6 34. Rg8 $11) (30... Qxc3 31. Rxa8 Qd2+ (31... Rxa8 32. Qxc3 bxc3 33. Rc1 $17) 32. Kf3 Rxa8 33. Rd1 $14) 31. Qxa2 Qxc3 {[%emt 0:00:17][%mdl 4096] Endgame KQR-KQR. Black is a pawn up.} 32. Rd1 $2 (32. Qb3 Qxb3 33. Rxb3) 32... Qa3 $2 (32... b3 $19 33. Qa7 Qc2+ 34. Kg3 Qxd1 35. Qxb8+ Kf7) 33. Qd2 $17 {[%emt 0:00:00] aiming for Qd5+.} Qa5 ({Better is} 33... Qa8 $19 34. Qd6 b3) 34. Qd6 Qb6 {[%emt 0:01:47] aiming for ...Qxd6.} 35. Qe7 {[%emt 0:00:00] [#] White wants to mate with Rd7.} f5 $1 36. Rd6 $18 ({Weaker is} 36. Qxe5 fxe4 37. Kg1 Rc8 $11) (36. exf5 Qf6 37. Qxc5 Qxf5+ 38. Kg1 h6 $14) 36... Qa5 37. Rd7 {[%emt 0:00:00][%csl Gd7][%cal Re7g7] White mates.} Qa2+ 38. Kg1 Qa1+ 39. Kh2 {[%emt 0:00:00] Never resign too early!   Weighted Error Value: White=0.26 (precise) /Black=0.62  Loses game:     	---       	Black=1      Missed win:     	---       	Black=1      Mistake:       	White=3     	Black=1      Inaccurate:     	White=2     	Black=3      OK:         	White=4     	Black=17     Best:        	White=3     	Black=1      Strong:       	---       	Black=1} 1-0

[Event "8th Montevideo Open 2025"]
[Site "Montevideo"]
[Date "2025.02.05"]
[Round "5.8"]
[White "Milat, Marcel"]
[Black "Kulik, Nicolas"]
[Result "1/2-1/2"]
[Annotator "TA"]
[ECO "E97"]
[WhiteElo "2190"]
[BlackElo "1922"]
[PlyCount "80"]
[EventDate "2025.02.01"]
[EventType "swiss"]
[EventCountry "URU"]
[SourceTitle "playchess.com"]
[Source "ChessBase"]
[SourceQuality "1"]
[TimeControl "5400+30"]

1. d4 Nf6 2. c4 g6 3. Nc3 Bg7 4. e4 O-O 5. Nf3 d6 6. Be2 e5 7. O-O Nc6 8. d5 Ne7 9. b4 Nh5 10. Re1 f5 11. a4 a5 12. bxa5 Rxa5 13. Bd2 {[%emt 0:00:34] White has an edge.} Ra7 14. Ra3 Nf6 15. Bd3 Kh8 16. Qb3 b6 17. Ng5 h6 18. Ne6 Bxe6 19. dxe6 fxe4 20. Nxe4 Nxe4 21. Bxe4 (21. Rxe4 Qc8 $11) 21... Nf5 {[%emt 0:04:37] Black is weak on the light squares} 22. Qh3 Qf6 23. Rf3 (23. a5 {seems wilder.} Nd4 24. Rf1 Kh7 25. axb6 Rxa3 26. Qxa3 cxb6 27. Qxd6 Rd8 28. Qb4) 23... Qxe6 24. g4 ({White should try} 24. Bxh6 $1 $14 Qxc4 (24... Bxh6 25. g4 $14) 25. Bg5+ (25. Bxf5 Rxf5 26. Rxf5 gxf5 $11) 25... Kg8 26. Rd3) 24... Ne7 $1 $11 (24... Nd4 $2 25. Rxf8+ Bxf8 26. Bxh6 $18 (26. Bd5 Qd7 $11)) 25. Bxh6 {[%emt 0:10:14] This pair of bishops is nice.} Rxf3 26. Bxf3 Bxh6 27. Qxh6+ Kg8 28. h4 Rxa4 29. h5 {[%emt 0:00:40] Threatens to win with hxg6.} Rxc4 (29... Ra3 $1 $17 30. Re3 Rxe3 31. fxe3 e4 (31... Qxc4 32. hxg6 Qa2 33. Bc6 $18)) 30. Ra1 $1 Rxg4+ 31. Kh2 $2 (31. Kf1 $1 $11 {and White is okay.} Qc4+ 32. Be2) 31... Rh4+ $19 32. Kg1 {[%emt 0:00:09] [#] Ra8+ would kill now.} Rg4+ $2 33. Kh2 $11 {[%emt 0:00:39] White wants to mate with Ra8+.} Rh4+ $2 (33... Kf7 $11 34. Qh7+ Kf6 35. Bxg4 Qxg4 36. Qh8+ Ke6) 34. Kg1 $19 {[%emt 0:00:02] [#] White threatens Ra8+ and mate.} Rg4+ $2 35. Kf1 $11 {[%emt 0:06:00] Intending Ra8+ and mate.} Qc4+ 36. Be2 {[%emt 0:00:30] The board is on fire.} Rg1+ 37. Kxg1 $14 Qxe2 38. Ra8+ (38. hxg6 $5 Qg4+ $8 39. Kh2 Qf4+ (39... Nxg6 $2 {is the wrong capture.} 40. Rg1 $18) 40. Qxf4 exf4 41. Rc1 $14) 38... Kf7 {[%emt 0:00:30] The position is equal.} 39. Rf8+ (39. hxg6+ Nxg6 40. Ra7 (40. Qh7+ Kf6 $15) 40... Qe1+ 41. Kh2 Qxf2+ 42. Kh1 Qf3+ 43. Kg1 Qg3+ 44. Kh1 Qf3+ 45. Kh2 Qf5 $17) 39... Ke6 {...Qd1+ would now be deadly.} 40. hxg6 {Hoping for g7+.} Qg4+ {[%emt 0:01:00] Weighted Error Value: White=0.31/Black=0.56.  Loses game:     	White=1     	---        Missed win:     	---       	Black=2      Mistake:       	White=1     	Black=3      Inaccurate:     	White=4     	Black=4      OK:         	White=9     	Black=7      Best:        	White=4     	Black=4      Strong:       	White=1     	Black=1} 1/2-1/2

[Event "8th Montevideo Open 2025"]
[Site "Montevideo"]
[Date "2025.02.05"]
[Round "5.9"]
[White "Pichuaga, Juan Pablo"]
[Black "Mussanti, Diego"]
[Result "0-1"]
[Annotator "TA"]
[ECO "D02"]
[WhiteElo "1973"]
[BlackElo "2173"]
[PlyCount "134"]
[EventDate "2025.02.01"]
[EventType "swiss"]
[EventCountry "URU"]
[SourceTitle "playchess.com"]
[Source "ChessBase"]
[SourceQuality "1"]
[TimeControl "5400+30"]

1. Nf3 d5 2. g3 Nf6 3. Bg2 e6 4. d4 Be7 5. O-O O-O 6. Nbd2 b6 7. c4 {[%emt 0:04:34] D02: 1 d4 d5 2 Nf3 sidelines, including 2...Nf6 3 g3 and 2...Nf6 3 Bf4.} Bb7 8. a3 dxc4 9. Nxc4 {[%emt 0:00:30] The position is equal.} Nbd7 $146 (9... a5 10. b3 b5 11. Nce5 c5 12. dxc5 Bxc5 13. Qxd8 Rxd8 14. Nxf7 Rf8 15. N7g5 Bd5 {1-0 Stojanovic,A (2235)-Stojanovic,M (2156) SRB-chT (Women) 1st 2007 (10)}) 10. b4 c5 11. dxc5 bxc5 12. b5 a6 13. bxa6 Rxa6 14. Nfd2 Bxg2 15. Kxg2 Nb6 16. Nxb6 Qxb6 17. Nc4 $1 Qb5 18. Qc2 Ra4 19. Ne3 (19. Nb2 $11 Ra6 20. Nc4) 19... c4 $17 {[%emt 0:01:33][%csl Oc4] Black has a strong passed pawn Black is more active.} 20. Rb1 Qc6+ 21. Kg1 Nd5 (21... Bxa3 $6 22. Ra1 Qa6 23. Rd1 $11) 22. Nxd5 exd5 23. Rb6 Qa8 (23... Qxb6 $17 24. Qxa4 Qc5) 24. Rd1 Bxa3 25. Bxa3 Rxa3 26. Rd6 Ra5 27. Qd2 Rb5 28. Qd4 Qa2 29. Rxd5 Rxd5 30. Qxd5 Qxe2 $11 {[%mdl 4096] Endgame KQR-KQR. Black is a pawn up.} 31. Rc1 (31. Rd4 $11 {remains equal.}) 31... Rc8 $17 32. Qd7 Qe6 $1 33. Qd4 {[%emt 0:00:00] [#]} (33. Qxe6 $142 fxe6 34. f4) 33... c3 $1 34. Rc2 (34. Qd3 g6) 34... Qb3 35. Qd7 Qc4 36. h4 (36. Qb7 $17) 36... h5 $19 37. Qf5 (37. Qd1) 37... g6 $2 (37... Rd8 $1 $19 {[%cal Rd8d1] is more deadly.} 38. Rc1 Rd2 39. Qxh5 Qe4) 38. Qf3 $17 Qd4 39. Kg2 Rc5 40. Kh3 Kg7 41. Kg2 Rc4 42. Qe2 {[%emt 0:00:00] [#]} (42. Kf1 $17 {was called for.}) 42... Rb4 (42... Qd5+ $1 $19 43. Qf3 Qd4) 43. Qf3 {[%emt 0:00:00] [#]} Rc4 (43... Rb3 $1 $17 44. Kh2 Qe5) 44. Qe2 $1 $19 Kh6 45. Qf3 f5 46. Kh2 Rc7 47. Qa8 Kh7 48. Qf8 Qc4 49. Qd8 f4 50. Qd6 fxg3+ 51. fxg3 Rf7 52. Qe5 {[%emt 0:00:00] Wards off Qe4} Qd3 53. Qxc3 {[%emt 0:00:00] [#] This costs White the game.} (53. Rg2 $17) 53... Rf2+ $3 54. Rxf2 Qxc3 {KQ-KR} 55. Rf4 Qd2+ 56. Kg1 Qe2 57. Kh1 Kg7 58. Kg1 Qd2 {Hoping for ...Qc1+.} 59. Kh1 {[%emt 0:00:00] [#]} g5 $1 {Black mates.} 60. hxg5 {[%emt 0:00:00] [#]} h4 $1 61. Rxh4 Qf2 62. Rf4 Qxg3 63. Rf1 Kg6 (63... Qxg5 64. Rg1 Kh6 65. Rxg5 Kxg5 $11) 64. Rf6+ Kh5 (64... Kxg5 65. Rg6+ Kxg6 $11) 65. Rf8 Qe1+ ({Worse is} 65... Kxg5 66. Rg8+ Kh4 67. Rxg3 Kxg3 $11) 66. Kh2 Qe2+ 67. Kh1 Kg4 {Weighted Error Value: White=0.33/Black=0.30  Loses game:     	White=1     	---        Missed win:     	---       	Black=1      Mistake:       	White=6     	Black=3      Inaccurate:     	White=4     	Black=4      OK:         	White=16    	Black=16     Best:        	White=3     	Black=1      Strong:       	White=2     	Black=1      Brilliant:      	---       	Black=1} 0-1